 Dungeon Crawl Stone Soup version 0.23-a0-726-g9fa1570 (console) character file.

3873 Duffy the Cleaver (level 10, -5/88 HPs)
             Began as a Naga Fighter on Jan 16, 2019.
             Was an Initiate of Gozag.
             Slain by a yak (8 damage)
             ... on level 9 of the Dungeon.
             The game lasted 00:10:28 (8672 turns).

Duffy the Cleaver (Naga Fighter)                    Turns: 8672, Time: 00:10:29

Health: -5/88      AC:  9    Str: 21      XL:     10   Next: 19%
Magic:  13/13      EV: 13    Int:  7 (8)  God:    Gozag
Gold:   35         SH: 12    Dex: 19 (21) Spells: 9/9 levels left

rFire    . . .     SeeInvis +   a - +0 war axe
rCold    + + +     Gourm    .   c - +0 shield
rNeg     + + +     Faith    .   r - +1 ring mail {rC+}
rPois    +         Spirit   .   (no helmet)
rElec    .         Reflect  .   u - +1 cloak
rCorr    .         Harm     .   (no gloves)
MR       +....     NoTele   +   (no barding)
Stlth    ++........             j - amulet of rage
HPRegen  0.24/turn              n - ring of protection from cold
MPRegen  0.13/turn              z - ring "Tugoyh" {-Tele +Fly rC+ rN+++ Dex+4}

@: agile, gold aura, very slow
A: large, see invisible, deformed body, poison resistance, slowness 2, slow
metabolism 1, spit poison 1, AC +3
a: Spit Poison, Potion Petition, Call Merchant, Bribe Branch, Renounce Religion,
Evoke Berserk Rage, Evoke Flight


You were on level 9 of the Dungeon.
You worshipped Gozag.
Gozag was noncommittal.
You were not hungry.

You visited 2 branches of the dungeon, and saw 10 of its levels.

You collected 923 gold pieces.
You spent 810 gold pieces at shops.
You paid 78 gold pieces to Gozag.

Inventory:

Hand Weapons
 a - a +0 war axe (weapon)
 x - a +2 hand axe of freezing
Armour
 b - a +0 scale mail
 c - a +0 shield (worn)
 r - a +1 ring mail of cold resistance (worn)
 u - a +1 cloak (worn)
Jewellery
 g - an uncursed ring of ice
 j - an amulet of rage (around neck)
 n - a ring of protection from cold (left hand)
 z - the ring "Tugoyh" (right hand) {-Tele +Fly rC+ rN+++ Dex+4}
   (You bought it in a shop on level 8 of the Dungeon)

   [ring of protection from cold]

   It affects your dexterity (+4).
   It protects you from cold.
   It renders you almost immune to negative energy.
   It lets you fly.
   It prevents most forms of teleportation.
Wands
 k - a wand of digging (4)
 v - a wand of iceblast (6)
 y - a wand of flame (15)
Scrolls
 l - a scroll of magic mapping
 o - 2 scrolls of remove curse
 p - a scroll of blinking
 t - 3 scrolls of fear
 w - a scroll of teleportation
 C - a scroll of fog
Potions
 d - 2 potions of might
 e - 2 potions of mutation {unknown}
 h - a potion of lignification {unknown}
 m - 2 potions of haste
 s - a potion of flight {unknown}
 A - a potion of heal wounds {unknown}
 B - a potion of ambrosia {unknown}
Comestibles
 f - 16 rations


   Skills:
 - Level 5.0 Fighting
 - Level 9.1 Axes
 - Level 2.4 Armour
 + Level 8.1 Shields
 - Level 5.0 Evocations


You had 9 spell levels left.
You didn't know any spells.
Your spell library contained the following spells:

 Spells                   Type           Power        Failure   Level  Hunger
 Beastly Appendage        Tmut           #.....       65%         1    ##.....
 Sticks to Snakes         Tmut           #.......     80%         2    ###....
 Spider Form              Tmut/Pois      #.........   95%         3    ####...
 Ice Form                 Ice/Tmut       #.......     100%        4    #####..
 Blade Hands              Tmut           #.........   100%        5    ######.


Dungeon Overview and Level Annotations

Branches:
Dungeon (9/15)             Temple (1/1) D:4            Lair (0/6) D:8
    Orc: D:9-12

Altars:
Ashenzari
Cheibriados
Dithmenos
Elyvilon
Fedhas
Gozag
Hepliaklqana
Kikubaaqudgha
Makhleb
Nemelex Xobeh
Okawaru
Qazlal
Ru
Sif Muna
Trog
Uskayaw
Wu Jian
Xom
Yredelemnul
Zin

Shops:
D:8 =


Innate Abilities, Weirdness & Mutations

You cannot wear boots.
Your serpentine skin is tough. (AC +3)
You have supernaturally acute eyesight. (SInv)
Armour fits poorly on your strangely shaped body.
Your system is resistant to poisons. (rPois)
You cover ground very slowly.
You have a slow metabolism.
You can spit poison.


Message History

Okay, then.
You feel agile all of a sudden. The yak gores you.
You hit the yak.
The yak is lightly wounded.
The yak closely misses you.
You slash the yak!
The yak is moderately wounded.
The yak gores you! The yak gores you.
You hit the yak.
The yak is heavily wounded.
The yak gores you!
You hit the yak.
The yak is heavily wounded.
The yak misses you.
You slice the yak!!
The yak is almost dead.
The yak gores you!
You die...
Your body crumbles into a pile of gold.

########################
#.......................
#...........#....#......
#.##........#........#
#.##..###............#..
#.##...@YY..............
#....#######............
#....#.....#............
#....#.....#.........$..
#....#..##.#............
#.##.#####.#####.....###
#.##.#.........#.##..#
#....#.........#.. ..#
#....#'###..####


You could see 2 yaks.

Vanquished Creatures
  Joseph (D:6)
  A hippogriff (D:9)
  Eustachio (D:5)
  A wyvern (D:8)
  2 yaks (D:9)
  An orc warrior (D:6)
  A phantom (D:7)
  2 sky beasts
  2 ogres
  2 centaurs
  3 big kobolds
  2 bullfrogs
  Blork the orc (D:5)
  2 scorpions (D:8)
  4 killer bees
  5 howler monkeys
  2 crimson imps
  2 quasits
  A bullfrog zombie (D:7)
  2 centaur zombies
  A bullfrog skeleton (D:9)
  8 orc priests
  Crazy Yiuf (D:5)
  4 hounds
  2 iguanas
  5 orc wizards
  4 worker ants
  A hound zombie (D:5)
  4 gnolls (D:4)
  13 adders
  4 shadow imps
  2 oozes
  An adder skeleton (D:5)
  A worm (D:3)
  3 leopard geckos
  17 orcs
  3 bats
  3 giant cockroaches
  12 goblins
  6 hobgoblins
  11 jackals
  3 quokkas
  2 ball pythons
  8 frilled lizards
  15 kobolds
  A quokka skeleton (D:5)
  3 rats
176 creatures vanquished.

Vanquished Creatures (others)
  2 plants (D:8)
2 creatures vanquished.

Grand Total: 178 creatures vanquished

Notes
Turn   | Place    | Note
-------+----------+-------------------------------------------
     0 | D:1      | Duffy the Naga Fighter began the quest for the Orb.
     0 | D:1      | Reached XP level 1. HP: 21/21 MP: 1/1
   124 | D:2      | Reached XP level 2. HP: 21/28 MP: 2/2
   690 | D:2      | Reached XP level 3. HP: 33/34 MP: 3/3
  1034 | D:2      | Reached skill level 1 in Evocations
  1110 | D:2      | Reached skill level 3 in Axes
  1433 | D:3      | Reached XP level 4. HP: 24/42 MP: 3/5
  1993 | D:3      | Reached XP level 5. HP: 34/49 MP: 6/6
  2377 | D:3      | Found an iron altar of Okawaru.
  2378 | D:3      | Found an ornate altar of the Wu Jian Council.
  2668 | D:4      | Found a stormy altar of Qazlal.
  2787 | D:4      | Found a staircase to the Ecumenical Temple.
  2792 | Temple   | Entered the Ecumenical Temple
  3038 | D:4      | Reached skill level 4 in Axes
  3038 | D:4      | Reached XP level 6. HP: 56/56 MP: 6/8
  3631 | D:4      | Reached XP level 7. HP: 62/62 MP: 9/9
  3871 | D:5      | Entered Level 5 of the Dungeon
  3872 | D:5      | Noticed Blork the orc
  4077 | D:5      | Killed Blork the orc
  4077 | D:5      | Reached skill level 5 in Axes
  4177 | D:5      | Noticed Eustachio
  4543 | D:5      | Killed Eustachio
  4692 | D:5      | Reached XP level 8. HP: 58/69 MP: 11/11
  4755 | D:5      | Found an opulent altar of Gozag.
  4763 | D:5      | Became a worshipper of Gozag Ym Sagoz the Greedy
  4782 | D:5      | Reached skill level 5 in Shields
  4891 | D:5      | Found a runed door.
  4937 | D:5      | Found a blossoming altar of Fedhas.
  5075 | D:5      | Noticed Crazy Yiuf
  5079 | D:5      | Killed Crazy Yiuf
  5208 | D:6      | Reached skill level 5 in Evocations
  5310 | D:6      | Reached skill level 6 in Axes
  5773 | D:6      | Reached skill level 7 in Axes
  5932 | D:7      | Noticed Joseph
  5958 | D:6      | Killed Joseph
  5958 | D:6      | Reached XP level 9. HP: 19/75 MP: 12/12
  6352 | D:7      | Reached skill level 8 in Axes
  7094 | D:7      | Found a snail-covered altar of Cheibriados.
  7229 | D:8      | Found a deep blue altar of Sif Muna.
  7674 | D:8      | Found a shattered altar of Ashenzari.
  7917 | D:8      | Found Arrecwa's Jewellery Shoppe.
  8009 | D:8      | Found a staircase to the Lair.
  8054 | D:8      | Noticed a komodo dragon
  8182 | D:9      | Reached XP level 10. HP: 80/87 MP: 13/13
  8438 | D:9      | Reached skill level 5 in Fighting
  8480 | D:8      | Bought the ring "Tugoyh" {-Tele +Fly rC+ rN+++ Dex+4} for
                  | 810 gold pieces
  8556 | D:9      | Reached skill level 9 in Axes
  8670 | D:9      | HP: 2/88 [yak (13)]
  8672 | D:9      | Slain by a yak

Vault maps used:
D:1:      minmay_arrival_jagged
D:2:      minmay_bisected
D:3:      gammafunk_temple_overflow_pools, corner_web_ring, kennysheep_doodads
D:4:      nicolae_qazlal_general_emergency, minmay_temple_entry_glassed_door
D:5:      marbit_many_paths, grunt_gozag_statues, first_ration,
          uniq_crazy_yiuf_cottage, uniq_eustachio, uniq_blork_the_orc
D:6:      centaur_isle
D:7:      kennysheep_mini, uniq_joseph
D:8:      evilmike_ruin_ashenzari, nicolae_overflow_crystal_walls,
          david_lair_shrubbed, serial_shops, nicolae_shop_statue_plus,
          blue_anna_alchemist
D:9:      gammafunk_temple_overflow_elements, david_orc_1_choice
Temple:   minmay_temple_bridge_abc

Skill      XL: |  1  2  3  4  5  6  7  8  9 10 |
---------------+-------------------------------+-----
Shields        | 3 4 6 7 8 |  8.1
Evocations     | 1 2 3 4 5 |  5.0
Axes           | 3 4 5 7 8 9 |  9.1
Fighting       | 4 5 |  5.0
Armour         | |  2.4

Action                   |  1- 3 |  4- 6 |  7- 9 | 10-12 || total
-------------------------+-------+-------+-------+-------++-------
Melee: War axe           |   120 |   177 |   433 |    48 ||   778
 Abil: Evoke Berserk Rag |       |     2 |     3 |       ||     5
       Spit Poison       |       |       |    16 |       ||    16
  Use: Scroll            |       |     4 |     5 |     1 ||    10
       Potion            |       |       |     1 |     1 ||     2
  Eat: Chunk             |       |     8 |     5 |       ||    13
       Ration            |       |       |     3 |     1 ||     4
Armor: Scale mail        |    76 |    31 |       |       ||   107
       Ring mail         |       |    45 |   230 |    14 ||   289
Dodge: Dodged            |    39 |    47 |   139 |    16 ||   241
Block: Shield            |    84 |   116 |   304 |    17 ||   521

Table legend:
 A = Non-vault XP
 B = Vault XP
 C = Vault XP percentage of total XP
 D = Non-vault monster count
 E = Vault monster count
 F = Vault count percentage of total count
                 A         B        C        D         E       F
            +---------+---------+-------+---------+---------+-------
      Total |    4655 |     878 |  15.9 |     168 |       8 |   4.5
            +---------+---------+-------+---------+---------+-------
        D:1 |      27 |       0 |   0.0 |      12 |       0 |   0.0
        D:2 |      46 |       4 |   8.0 |      20 |       3 |  13.0
        D:3 |     111 |       0 |   0.0 |      23 |       0 |   0.0
        D:4 |     622 |       0 |   0.0 |      30 |       0 |   0.0
        D:5 |     318 |     338 |  51.5 |      13 |       3 |  18.8
        D:6 |     659 |     439 |  40.0 |      16 |       1 |   5.9
        D:7 |    1060 |       0 |   0.0 |      25 |       0 |   0.0
        D:8 |     740 |      97 |  11.6 |      14 |       1 |   6.7
        D:9 |    1072 |       0 |   0.0 |      15 |       0 |   0.0
            +---------+---------+-------+---------+---------+-------
